 Dungeon Crawl Stone Soup version 0.16-a0-1029-gdfc7942 (webtiles) character file.

26 Psiweapon the Cutter (level 3, -1/23 HPs)
             Began as a Kobold Berserker on Oct 4, 2014.
             Was a Follower of Trog.
             Slain by a gnoll
             ... wielding a +0 spear
              (4 damage)
             ... on level 2 of the Dungeon.
             The game lasted 00:02:55 (1161 turns).

Psiweapon the Cutter (Kobold Berserker)             Turns: 1161, Time: 00:02:55

HP  -1/23        AC  2     Str 15      XL: 3   Next: 22%
MP   3/3         EV 15     Int  5      God: Trog [*.....]
Gold 46          SH  0     Dex 16      Spells:  0 memorised,  2 levels left

rFire  . . .     SeeInvis .     a - +0 short sword
rCold  . . .     Clarity  .     b - +0 animal skin
rNeg   . . .     rCorr    .     (no shield)
rPois  .         rRot     .     (no helmet)
rElec  .         Spirit   .     (no cloak)
SustAb .         Warding  .     (no gloves)
rMut   .         Stasis   .     (no boots)
Gourm  .                        q - amulet of rage
MR     .....                    (no ring)
                                k - ring of teleport control

@: exhausted, very slightly contaminated, slowed, invisible, very slow, not
resistant to hostile enchantments, unstealthy
A: carnivore 3
a: Burn Spellbooks, Berserk, Renounce Religion, Evoke Berserk Rage, Evoke
Teleport Control


You were on level 2 of the Dungeon.
You worshipped Trog.
Trog was aware of your devotion.
You were very full.

You visited 1 branch of the dungeon, and saw 2 of its levels.

You collected 46 gold pieces.

Inventory:

Hand weapons
 a - a +0 short sword (weapon)
Missiles
 f - 41 bolts
 i - 8 curare-tipped needles
 n - 4 poisoned tomahawks (quivered)
Armour
 b - a +0 animal skin (worn)
Comestibles
 c - a meat ration
Scrolls
 d - a scroll of remove curse {unknown}
 e - a scroll of enchant weapon {unknown}
 g - a scroll of recharging {unknown}
 j - 2 scrolls of noise {unknown}
 l - a scroll of identify {unknown}
 m - 2 scrolls of teleportation {unknown}
 o - a scroll of immolation {unknown}
 r - a scroll of random uselessness {unknown}
 t - a scroll of amnesia {unknown}
Jewellery
 k - a ring of teleport control (left hand)
 q - an amulet of rage (around neck)
Potions
 p - a potion of haste {unknown}


   Skills:
 - Level 3.2 Fighting
 * Level 4.9 Short Blades
 - Level 1.5 Armour
 - Level 2.4 Dodging
 * Level 2.2 Stealth
 + Level 0.6 Evocations


You had 2 spell levels left.
You didn't know any spells.

Dungeon Overview and Level Annotations

Branches:
Dungeon (2/15)

Altars:


Innate Abilities, Weirdness & Mutations

You are small and have problems with some larger weapons.
You are carnivorous and can eat meat at any time.


Message History

The gnoll barely misses you. x2
The gnoll closely misses you.
You closely miss the gnoll. The gnoll hits you!
* * * LOW HITPOINT WARNING * * *
The gnoll barely misses you.
Use which ability? (? or * to list)
Okay, then.
Drink which item? (? for menu, Esc to quit)
You fade into invisibility!
It was a potion of invisibility.
The gnoll closely misses you. The gnoll barely misses you.
The gnoll closely misses you.
You are very lightly contaminated with residual magic.
You catch the helpless gnoll completely off-guard!
You slash the gnoll!
The gnoll is almost dead.
The gnoll misses you. The gnoll closely misses you.
You hit the gnoll but do no damage.
The gnoll is almost dead.
The gnoll hits you from afar with a spear.
You die...

#.##.# #. # #.##.# ##
#. #.##.# ##..####
#.##.# .. ...# #.##.#
#######
#.#.##.###.##.###......
#......)...............
######.######.###.#####
#@# #.# #.# #g# #.# #.#
#g# #.# #.##### ..# #..
....... ### ### #.#####
#.# #.#


You could see 2 gnolls.

Vanquished Creatures
  A gnoll (D:2)
  7 bats
  3 hobgoblins
  A kobold (D:1)
  A ball python (D:2)
  A giant cockroach (D:2)
  A goblin (D:1)
  A rat (D:1)
16 creatures vanquished.

Notes
Turn   | Place    | Note
--------------------------------------------------------------
     0 | D:1      | Psiweapon, the Kobold Berserker, began the quest for the Orb.
     0 | D:1      | Reached XP level 1. HP: 14/14 MP: 1/1
   316 | D:1      | Reached skill level 1 in Stealth
   379 | D:1      | Reached XP level 2. HP: 19/19 MP: 2/2
  1152 | D:2      | Reached XP level 3. HP: 23/23 MP: 3/3
  1161 | D:2      | Slain by a gnoll

Action                   || total
-------------------------++-------
Melee: Short sword       ||    55
 Abil: Evoke Berserk Rag ||     1
  Use: Potion            ||     1
 Stab: Sleeping          ||     1
       Invisible         ||     1
  Eat: Chunk             ||     9
